 Dungeon Crawl Stone Soup version 0.31-a0-986-g5e6e4ef867 (webtiles) character file.

Game seed: 15523509315555837659

4729 AppTheSpectato the Summoner (level 10, -5/52 HPs)
             Began as a Deep Elf Summoner on Nov 15, 2023.
             Was a Follower of Sif Muna.
             Slain by an ogre
             ... wielding a +0 halberd
              (16 damage)
             ... in a bailey.
             The game lasted 00:28:03 (7447 turns).

AppTheSpectato the Summoner (Deep Elf Summoner)     Turns: 7447, Time: 00:28:03

Health: -5/52      AC: 10    Str:  5    XL:     10   Next: 22%
Magic:  14/28      EV: 13    Int: 25    God:    Sif Muna [*.....]
Gold:   277        SH:  0    Dex: 21    Spells: 29/33 levels left

rFire   . . .        p - +1 trident (venom)
rCold   . . .        (no shield)
rNeg    . . .        a - +1 robe
rPois   .            x - +1 helmet
rElec   .            F - +2 cloak
rCorr   .            l - +0 pair of gloves
SInv    .            w - +0 pair of boots
Will    +....        (no amulet)
Stlth   +++          z - ring of flight
HPRegen 0.28/turn    o - +6 ring of dexterity
MPRegen 0.21/turn

%: no passive effects
@: flying
A: no striking features
a: Renounce Religion, Channel Magic


You were in a bailey.
You worshipped Sif Muna.
Sif Muna was aware of your devotion.
You visited 2 branches of the dungeon, and saw 8 of its levels.
You also visited: Sewer and Bailey.

You collected 277 gold pieces.

Inventory:

Hand Weapons
 p - a +1 trident of venom (weapon)
Armour
 a - a +1 robe (worn)
 l - a +0 pair of gloves (worn)
 w - a +0 pair of boots (worn)
 x - a +1 helmet (worn)
 F - a +2 cloak (worn)
Jewellery
 o - a +6 ring of dexterity (right hand)
 z - a ring of flight (left hand)
Wands
 C - a wand of roots (7)
Scrolls
 d - a scroll of torment {unknown}
 h - 3 scrolls of fear {unknown}
 j - a scroll of fog {unknown}
 r - 2 scrolls of blinking
 s - 3 scrolls of teleportation
 y - a scroll of enchant armour
 A - a scroll of poison {unknown}
 D - a scroll of identify
 E - a scroll of immolation {unknown}
Potions
 b - 4 potions of magic
 c - 4 potions of curing
 e - 3 potions of brilliance
 f - 2 potions of berserk rage {unknown}
 g - a potion of enlightenment
 i - a potion of attraction
 k - a potion of degeneration {unknown}
 m - 2 potions of cancellation {unknown}
 n - a potion of lignification {unknown}
 q - a potion of resistance {unknown}
 t - 3 potions of might {unknown}
 u - a potion of haste {unknown}
 v - 3 potions of mutation {unknown}
 B - 2 potions of heal wounds {unknown}


   Skills:
 - Level 1.0 Fighting
 - Level 3.0 Dodging
 - Level 3.0 Stealth
 - Level 12.0 Spellcasting
 + Level 13.5 Summonings


You had 29 spell levels left.
You knew the following spells:

 Your Spells              Type           Power      Damage    Failure   Level
a - Summon Small Mammal   Summ           100%       N/A       0%          1
b - Call Canine Familiar  Summ           70%        N/A       1%          3

Your spell library contained the following spells:

 Spells                   Type           Power      Damage    Failure   Level
 Call Imp                 Summ           100%       N/A       1%          2
 Summon Guardian Golem    Hex/Summ       48%        N/A       1%          3
 Summon Lightning Spire   Summ/Air       48%        N/A       2%          4
 Lesser Beckoning         Tloc           30%        N/A       6%          2
 Sublimation of Blood     Necr           15%        N/A       6%          2
 Gell's Gravitas          Tloc           15%        N/A       12%         3
 Teleport Other           Tloc           15%        N/A       12%         3
 Petrify                  Tmut/Erth      15%        N/A       36%         4
 Irradiate                Conj/Tmut      7%         3d14      73%         5
 Dispersal                Tloc           7%         N/A       99%         6


Dungeon Overview and Level Annotations

Branches:
Dungeon (7/15)             Temple (1/1) D:4           Sewer (visited)
 Bailey (1/1)

Altars:
Ashenzari
Cheibriados
Dithmenos
Gozag
Hepliaklqana
Kikubaaqudgha
Makhleb
Nemelex Xobeh
Okawaru
Qazlal
Ru
Sif Muna
Uskayaw
Vehumet
Wu Jian
Xom
Yredelemnul
Zin
The Shining One

Shops:
D:1 (


Message History

An ogre comes into view. It is wielding a +0 halberd.
Your warg bites the spriggan!
The spriggan hits your warg with a +0 spear!
The two-headed ogre misses your warg.
The two-headed ogre hits your warg with a +0 bardiche!
An ogre comes into view. It is wielding a +0 halberd.
Your warg completely misses the spriggan.
The spriggan barely misses your warg.
Your warg bites the spriggan.
The spriggan dies!
Sif Muna accepts your kill.
The two-headed ogre barely misses your warg.
The two-headed ogre closely misses your warg.
Your Summonings skill increases to level 13!
You are too injured to fight recklessly!
Casting: Summon Small Mammal (safe; 1% risk of failure)
Press: ? - help, Q - select action, (/) - cycle Dir - look around, f - activate The ogre shouts!
Your warg barely misses the two-headed ogre.
The ogre barely misses you.
Your warg bites the two-headed ogre!
Casting: Summon Small Mammal (safe; 1% risk of failure)
Press: ? - help, Q - select action, (/) - cycle Dir - look around, f - activate The two-headed ogre hits your warg with a +0 bardiche! x2
Your warg dies!
Your warg's corpse disappears in a puff of smoke!
The ogre misses you.
Casting: Call Canine Familiar (safe; 1% risk of failure)
Press: ? - help, Q - select action, (/) - cycle Dir - look around, f - activate The two-headed ogre shouts in stereo!
The ogre completely misses you.
Your quokka closely misses the ogre.
The ogre hits you from afar with a +0 halberd!
Your quokka bites the ogre.
The two-headed ogre barely misses you. x2
Your warg bites the two-headed ogre!
The two-headed ogre dies!
Sif Muna accepts your kill.
The ogre hits you from afar with a +0 halberd!
* * * LOW HITPOINT WARNING * * *
Your quokka barely misses the ogre.
The ogre hits you from afar with a +0 halberd!
You die...

#..)~
#..~~~......#
#..~#
#..)~~......#
#...♣
#..~~~..∩...#
#...#
♣#.)###.....##
#).#♣ ##..##
#.....# ##.)##
##O.## ##...##
##.)##♣####OO##
##.##
##).....hr.##
### ##...))@r##
#########


You could see 3 ogres, a friendly warg (summoned) and 2 friendly quokkas.

Vanquished Creatures
  A water moccasin (D:6)
  An ice beast (D:5)
  A phantom (D:4)
  2 kobold brigands (Sewer)
  Blork the orc (D:6)
  A bullfrog (D:7)
  A hound (D:4)
  Natasha (D:4)
  An iguana (D:5)
  An orc wizard (D:5)
  Robin (D:4)
  2 river rats (Sewer)
  A white imp (D:6)
  A worm (Sewer)
  An orc (D:5)
  3 ball pythons
  A bat (D:2)
  A giant cockroach (D:2)
  3 goblins
  2 hobgoblins (D:2)
  2 kobolds (Sewer)
  A quokka (D:5)
  A frilled lizard (D:2)
  2 rats
33 creatures vanquished.

Vanquished Creatures (collateral kills)
  A two-headed ogre (Bailey)
  Grinder (D:6)
  3 spriggans (Bailey)
  Eustachio (D:6)
  Menkaure (D:4)
  A water moccasin (D:6)
  Duvessa (D:4)
  2 ice beasts
  A sky beast (D:3)
  3 black bears
  8 ogres
  A kobold brigand (Sewer)
  A gnoll sergeant (D:6)
  4 scorpions
  Dowan (D:4)
  A howler monkey (D:5)
  4 hounds
  3 orc priests
  Crazy Yiuf (D:6)
  A jelly (D:3)
  A sleepcap (D:6)
  2 orc wizards
  2 iguanas
  7 gnolls
  8 adders
  2 white imps
  2 worms
  3 dart slugs
  9 orcs
  6 ball pythons
  9 endoplasms
  3 giant cockroaches
  8 goblins
  10 hobgoblins
  4 jackals (D:1)
  2 quokkas
  5 bats
  4 frilled lizards
  4 kobolds
  8 rats
139 creatures vanquished.

Grand Total: 172 creatures vanquished

Notes
Turn   | Place    | Note
-------+----------+-------------------------------------------
     0 | D:1      | AppTheSpectato the Deep Elf Summoner began the quest for
                  | the Orb.
     0 | D:1      | Reached XP level 1. HP: 10/10 MP: 6/6
   207 | D:1      | Found a faded altar of an unknown god.
   464 | D:1      | Reached XP level 2. HP: 15/15 MP: 5/8
   813 | D:1      | Found Jidug's Weapon Emporium.
  1218 | D:1      | Reached XP level 3. HP: 19/19 MP: 7/10
  1330 | D:2      | Learned a level 3 spell: Call Canine Familiar
  1395 | D:2      | Found a shimmering altar of Xom.
  1573 | D:2      | Reached skill level 5 in Summonings
  1573 | D:2      | Reached XP level 4. HP: 24/24 MP: 7/12
  2192 | D:2      | Reached skill level 5 in Spellcasting
  2357 | D:3      | Noticed a black bear
  2425 | D:3      | Reached XP level 5. HP: 28/28 MP: 12/14
  2474 | D:3      | Noticed a sky beast
  2488 | D:3      | Killed a sky beast
  2489 | D:3      | Reached skill level 6 in Summonings
  2741 | D:3      | Found a glowing drain.
  2760 | Sewer    | Entered a sewer
  2925 | Sewer    | Reached XP level 6. HP: 32/32 MP: 12/15
  2931 | Sewer    | Reached skill level 7 in Summonings
  3309 | Sewer    | Reached XP level 7. HP: 36/36 MP: 18/18
  3334 | D:3      | Identified the +0 ring mail of the Garden {Harm rN+ Will+
                  | Dex+3}
  3504 | D:3      | Reached skill level 8 in Summonings
  3588 | D:4      | Noticed Duvessa
  3592 | D:4      | Noticed Dowan
  3602 | D:4      | Killed Duvessa
  3606 | D:4      | Killed Dowan
  3668 | D:4      | Found a staircase to the Ecumenical Temple.
  3735 | Temple   | Entered the Ecumenical Temple
  4034 | D:4      | Noticed Robin
  4054 | D:4      | Killed Robin
  4090 | D:4      | Found an ornate altar of the Wu Jian Council.
  4249 | D:4      | Noticed Natasha
  4256 | D:4      | Killed Natasha
  4360 | D:4      | Reached XP level 8. HP: 36/41 MP: 22/22
  4481 | D:4      | Noticed Menkaure
  4485 | D:4      | Killed Menkaure
  4486 | D:4      | Reached skill level 9 in Summonings
  4839 | D:5      | Entered Level 5 of the Dungeon
  4903 | D:5      | Reached skill level 10 in Spellcasting
  5332 | D:5      | Found a snail-covered altar of Cheibriados.
  5473 | D:5      | Found a burning altar of Makhleb.
  5477 | D:5      | Found an opulent altar of Gozag.
  5662 | D:5      | Found a shimmering blue altar of Sif Muna.
  5666 | D:5      | Became a worshipper of Sif Muna the Loreminder
  5756 | D:6      | Reached XP level 9. HP: 28/45 MP: 25/27
  6062 | D:6      | Found a runed translucent door.
  6063 | D:6      | Noticed Crazy Yiuf
  6318 | D:6      | Reached skill level 10 in Summonings
  6580 | D:6      | Noticed Grinder
  6589 | D:6      | Paralysed by Grinder for 2 turns
  6591 | D:6      | Killed Grinder
  6727 | D:6      | Reached skill level 11 in Summonings
  6766 | D:6      | Noticed Eustachio
  6768 | D:6      | Noticed Blork the orc
  6786 | D:6      | Killed Blork the orc
  6787 | D:6      | Reached skill level 1 in Fighting
  6803 | D:6      | Killed Eustachio
  6936 | D:6      | Killed Crazy Yiuf
  7106 | D:7      | Found a flagged portal.
  7177 | Bailey   | Entered a bailey
  7273 | Bailey   | Reached skill level 12 in Summonings
  7343 | Bailey   | Reached * piety under Sif Muna
  7401 | Bailey   | Reached XP level 10. HP: 52/52 MP: 25/28
  7416 | Bailey   | Noticed a two-headed ogre
  7443 | Bailey   | Reached skill level 13 in Summonings
  7446 | Bailey   | Killed a two-headed ogre
  7447 | Bailey   | Slain by an ogre

Illustrated notes

Levels and vault maps discovered:
D:1:      wander_arrival_peaceful_grave, layout_basic,
          nicolae_ecumenical_lake_church, serial_shops, shop
D:2:      cheibrodos_pilgrimage, layout_basic, basic_altar
D:3:      layout_rooms, cheibrodos_sewer_entry_drain
D:4:      layout_loops_ring, nzn_wu_jian_contemplation,
          minmay_temple_entry_statues_pillars, minmay_misc_feat_ornament,
          uniq_duvessa, uniq_menkaure, uniq_natasha, uniq_robin
D:5:      black_bear_nest_2, layout_gridville, cheibriados_altar_1,
          nicolae_gozag_seed_capital, mainiacjoe_overflow_big_doors
D:6:      layout_layer_cave, uniq_eustachio, uniq_blork_the_orc, uniq_grinder,
          uniq_crazy_yiuf_cottage
D:7:      layout_rooms, enter_bailey_8, chequers_avenue,
          sigmund_edmund_badplayer
Temple:   minmay_temple_curvy_branch
Bailey:   bailey_polearm_enchanted_keep_hellmonk, bailey

Skill      XL: |  1  2  3  4  5  6  7  8  9 10 |
---------------+-------------------------------+-----
Stealth        | 3 |  3.0
Dodging        | 3 |  3.0
Spellcasting   | 4 5 6 8 12 | 12.0
Summonings     | 5 6 7 8 9 12 13 | 13.5
Fighting       | 1 |  1.0

Action                     |  1- 3 |  4- 6 |  7- 9 | 10-12 || total
---------------------------+-------+-------+-------+-------++-------
  Melee: Unarmed           |     9 |       |       |       ||     9
         Spear             |       |    46 |       |       ||    46
         Trident           |       |    29 |   106 |       ||   135
         Punch             |       |     2 |       |       ||     2
   Cast: Summon Small Mamm |    65 |    28 |    10 |     2 ||   105
         Call Canine Famil |     1 |    22 |    61 |     6 ||    90
    Use: Scroll            |     4 |     1 |     1 |       ||     6
         Potion            |       |     2 |       |       ||     2
   Stab: Distracted        |     1 |     2 |       |       ||     3
         Sleeping          |       |     1 |     3 |       ||     4
 Armour: Robe              |     8 |    23 |    44 |     9 ||    84
  Dodge: Dodged            |    15 |    47 |    76 |     8 ||   146

Table legend: (Time is in decaauts)
 A = Elapsed time spent in this place.
 B = Non-inter-level travel time spent in this place.
 C = Inter-level travel time spent in this place.
 D = Time resting spent in this place.
 E = Time spent auto-exploring this place.
 F = Levels seen in this place.
 G = Mean time per level.
                   A        B        C        D        E       F      G
               +--------+--------+--------+--------+--------+-----+--------+
         Total |   7595 |   6574 |   1021 |    261 |   4538 |  10 |  759.5 |
       Dungeon |   6427 |   5631 |    796 |    188 |   4066 |   7 |  918.1 |
        Temple |    241 |     16 |    225 |      0 |      0 |   1 |  241.0 |
         Sewer |    655 |    655 |      0 |      0 |    394 |   1 |  655.0 |
        Bailey |    271 |    271 |      0 |     73 |     78 |   1 |  271.0 |
               +--------+--------+--------+--------+--------+-----+--------+

Top non-repeatable levels by time:
     D:1: 1317 daAuts
     D:4: 1239 daAuts
     D:6: 1195 daAuts
     D:2: 1098 daAuts
     D:5: 797 daAuts
   Sewer: 655 daAuts
     D:3: 610 daAuts
  Bailey: 271 daAuts
  Temple: 241 daAuts
     D:7: 169 daAuts
